 Dungeon Crawl Stone Soup version 0.16.2-12-gd0ad4c3 (webtiles) character file.

79 HAWKINGL3623 the Grasshopper (level 4, -5/27 HPs)
             Began as a Gargoyle Warper on Nov 3, 2016.
             Killed from afar by a kobold (10 damage)
             ... with a wand of flame
             ... on level 2 of the Dungeon.
             The game lasted 00:08:37 (2206 turns).

HAWKINGL3623 the Grasshopper (Gargoyle Warper)      Turns: 2206, Time: 00:08:37

Health: -5/27      AC:  6    Str: 15    XL:     4   Next: 38%
Magic:  7/7        EV: 12    Int: 13    God:
Gold:   48         SH:  0    Dex: 10    Spells: 3 memorised, 2 levels left

rFire  . . .     SeeInvis .     a - +0 mace
rCold  . . .     Clarity  .     b - +0 leather armour
rNeg   + + .     SustAb   .     (no shield)
rPois  ∞         Gourm    .     (no helmet)
rElec  +         Spirit   .     (no cloak)
rCorr  .         Warding  +     (no gloves)
rMut   .         Stasis   .     (no boots)
MR     .....                    m - amulet of warding
Stlth  +.........               (no ring)
                                (no ring)

@: not resistant to hostile enchantments, very unstealthy
A: negative energy resistance 1, electricity resistance, unbreathing,
petrification resistance, rot immunity, AC +3
a: no special abilities


You were on level 2 of the Dungeon.
You were hungry.

You visited 1 branch of the dungeon, and saw 2 of its levels.

You collected 48 gold pieces.

Inventory:

Hand weapons
 a - a +0 mace (weapon)
 h - a cursed -3 dagger
Missiles
 e - 5 tomahawks of dispersal
 g - 14 arrows
 i - 21 stones (quivered)
 l - 19 sling bullets
Armour
 b - a +0 leather armour (worn)
Jewellery
 m - an amulet of warding (around neck)
Scrolls
 d - a scroll of blinking
 n - a scroll of recharging
Books
 c - a book of Spatial Translocations

   Spells                             Type                      Level
   a - Apportation                    Translocation                1
   b - Blink                          Translocation                2
   c - Shroud of Golubria             Charms/Translocation         2
   d - Portal Projectile              Translocation                3
   e - Teleport Other                 Translocation                3
   f - Passage of Golubria            Translocation                4
Comestibles
 f - 2 bread rations
 k - 2 meat rations


   Skills:
 + Level 2.7 Fighting
 + Level 2.4 Maces & Flails
 + Level 1.2 Throwing
 + Level 1.7 Armour
 + Level 2.4 Dodging
 + Level 0.2 Stealth
 + Level 2.1 Spellcasting
 + Level 3.0 Translocations


You had 2 spell levels left.
You knew the following spells:

 Your Spells              Type           Power        Failure   Level  Hunger
a - Apportation           Tloc           #.........   10%         1    ##.....
b - Shroud of Golubria    Chrm/Tloc      #.........   24%         2    ###....
c - Blink                 Tloc           N/A          14%         2    ###....


Dungeon Overview and Level Annotations

Branches:
Dungeon (2/15)

Altars:


Innate Abilities, Weirdness & Mutations

You are resistant to torment.
You are immune to poison.
Your stone body is very resilient (AC +3).
You resist negative energy.
You are resistant to electric shocks.
You can survive without breathing.
You are immune to petrification.
You are immune to rotting.


Message History

You kill the bat!
The kobold zaps a wand.
The puff of flame hits you!
It is a wand of flame.
You barely miss the adder. The adder bites you but does no damage.
The adder barely misses you.
You hit the adder.
The adder is moderately wounded.
The adder barely misses you.
The kobold zaps a wand.
The puff of flame misses you. The adder barely misses you.
The adder bites you but does no damage. The giant newt closely misses you.
The kobold zaps a wand.
The puff of flame hits you! The adder bites you but does no damage.
The adder barely misses you. The adder closely misses you.
The giant newt bites you but does no damage.
The kobold zaps a wand.
The puff of flame hits you!
* * * LOW HITPOINT WARNING * * *
You miss the kobold. The adder bites you but does no damage.
The adder bites you but does no damage. The adder bites you.
* * * LOW HITPOINT WARNING * * *
The kobold zaps a wand.
The puff of flame hits you!
You die...

#..# ... ##.....###..
...#.%.....#.......#...
##.#.......#.......#...
...#.......#.......#...
#.##..... ##.....###..
.###?##... ##...## ##.
......##'#######÷#######
#....S...............
#..K@..........(.....
#...lS.........".....
#.###'#######'####### ..
#... ##...## ##. ##
#..... ##.....###..
#.......#.......#...
#.......#.......#...
...!...#.......#... ...
##.....###..


You could see 2 adders, a kobold and a giant newt.

Vanquished Creatures
  3 adders (D:2)
  2 worms (D:2)
  A ball python (D:2)
  2 giant cockroaches (D:1)
  11 goblins
  6 hobgoblins
  5 kobolds
  4 bats
  4 giant newts
  9 rats
47 creatures vanquished.

Notes
Turn   | Place    | Note
--------------------------------------------------------------
     0 | D:1      | HAWKINGL3623, the Gargoyle Warper, began the quest for the Orb.
     0 | D:1      | Reached XP level 1. HP: 12/12 MP: 3/3
   220 | D:1      | Reached XP level 2. HP: 17/17 MP: 4/4
   493 | D:1      | Learned a level 2 spell: Shroud of Golubria
   912 | D:1      | Reached skill level 3 in Translocations
  1179 | D:2      | Reached XP level 3. HP: 17/22 MP: 6/6
  1903 | D:2      | Reached XP level 4. HP: 25/27 MP: 7/7
  2082 | D:2      | Learned a level 2 spell: Blink
  2206 | D:2      | Killed from afar by a kobold

Action                   |  1- 3 |  4- 6 || total
-------------------------+-------+-------++-------
Melee: Mace              |   149 |    29 ||   178
Throw: Stone             |    47 |    15 ||    62
 Cast: Apportation       |     1 |       ||     1
       Shroud of Golubri |     2 |       ||     2
  Use: Scroll            |     5 |     1 ||     6
  Eat: Pizza             |     2 |       ||     2
       Chunk             |       |     1 ||     1
